Map: Ruinas de Seras

Players

Xandros - Winner!

  • Race: Zerg Zerg

IA (Más difícil) 1

  • Race: Zerg Zerg

VOD

Have the link to the VOD?

Description

Time

  • Played on: Nov. 19, 2015, 6:44 a.m.
  • Length: 15:48
Show
View Real Time Build Order
Export as new Build Order

Xandros Zerg - Winner!

Build Orders: Pool First, Lurkers 

Get SALT Encoding   

  12  0:02  Drone  
  13  0:09  Drone  
  14  0:17  Overlord  
  14  0:35  Spawning Pool  
  14  0:38  Drone  
  14  0:42  Extractor  
  13  0:44  Drone  
  13  0:49  Drone  
  15  0:52  Drone  
  16  0:59  Drone  
  17  1:10  Drone  
  18  1:21  Drone  
  18  1:22  Queen  
  21  1:34  Overlord  
  21  1:47  Evolution Chamber  
  21  1:48  Drone, Extractor  
  20  1:55  Zergling x2  
  21  2:17  Hatchery  
  20  2:30  Drone x3  
  23  2:38  Metabolic Boost  
  23  2:47  Queen  
  25  2:51  Zerg Ground Armor Level 1  
  25  3:06  Roach Warren  
  25  3:12  Drone  
  25  3:13  Drone  
  25  3:16  Drone  
  27  3:22  Overlord  
  27  3:28  Zergling x2  
  28  3:50  Drone x2  
  28  3:51  Drone  
  28  3:53  Zergling x6  
  34  4:06  Lair  
  34  4:07  Spine Crawler  
  33  4:47  Spine Crawler  
  32  5:01  Burrow  
  32  5:22  Drone x4  
  32  5:23  Overlord, Drone  
  32  5:27  Zerg Ground Armor Level 2  
  37  5:35  Hydralisk Den  
  36  5:39  Drone x3  
  39  5:43  Extractor  
  39  5:46  Roach  
  39  5:47  Roach x6  
  52  6:18  Overlord x3  
  52  6:19  Overlord  
  52  6:34  Lurker Den  
  52  6:37  Hydralisk x2  
  52  6:39  Roach  
  60  6:40  Hydralisk, Roach x2  
  50  7:07  Drone x2  
  50  7:08  Drone x3  
  55  7:09  Overlord x2  
  55  7:24  Spine Crawler  
  55  7:28  Spine Crawler  
  53  7:39  Infestation Pit  
  53  7:42  Glial Reconstitution  
  53  7:43  Zerg Missile Weapons Level 1  
  52  7:45  Hydralisk  
  52  7:46  Hydralisk, Roach x2  
  60  7:55  Drone x2  
  60  7:56  Drone  
  60  7:57  Drone  
  64  8:05  Muscular Augments  
  64  8:11  Roach  
  66  8:23  Overseer  
  66  8:51  Hive  
  66  8:53  Hatchery  
  65  8:56  Hydralisk x3, Roach x2  
  65  8:57  Roach  
  65  9:00  Lurker x2  
  65  9:01  Lurker  
  80  9:38  Drone  
  80  9:40  Drone x2  
  80  9:41  Drone x2  
  80  9:42  Overlord  
  85  10:00  Roach x2  
  85  10:01  Roach x5  
  85  10:02  Roach x4  
  99  10:51  Hydralisk x3  
  99  10:52  Hydralisk x4  
  113  11:15  Overlord  
  113  11:16  Overlord x2  
  113  11:22  Drone  
  114  11:37  Queen  
  116  11:43  Zergling x10  
  116  11:44  Zergling x2  
  122  12:18  Hydralisk  
  122  12:19  Hydralisk x7  
  134  12:52  Hydralisk  
  134  12:53  Hydralisk  
  134  12:56  Overlord x2  
  134  12:57  Overlord x3  
  130  13:39  Roach  
  130  13:40  Roach x6  
  130  13:41  Roach x5  
  139  14:07  Hydralisk  
  135  14:31  Lurker  
  135  14:34  Lurker  
  120  15:02  Zergling x8  
  120  15:03  Zergling x6  
  123  15:15  Ultralisk Cavern  
  122  15:47  Extractor  
Show
View Real Time Build Order
Export as new Build Order

IA (Más difícil) 1 Zerg 

Build Orders: Pool First, Muta Ling Bane 

Get SALT Encoding   

  12  0:00  Drone  
  13  0:12  Overlord  
  13  0:17  Drone  
  14  0:30  Drone  
  14  0:31  Drone  
  16  0:44  Spawning Pool  
  16  0:46  Drone  
  16  0:50  Drone  
  16  0:53  Extractor  
  16  0:55  Drone  
  17  1:06  Overlord  
  17  1:31  Zergling x2  
  17  1:32  Queen  
  20  1:38  Drone  
  21  1:40  Roach Warren, Zergling x2  
  21  1:41  Extractor  
  20  1:49  Drone  
  21  2:00  Drone  
  22  2:10  Overlord  
  22  2:21  Drone  
  23  2:32  Lair, Roach  
  25  2:41  Drone, Roach  
  28  2:51  Roach  
  30  2:55  Overlord  
  30  3:10  Roach  
  32  3:23  Roach  
  34  3:32  Roach  
  34  3:33  Hydralisk Den  
  34  3:34  Drone  
  36  3:40  Overlord  
  36  3:46  Roach  
  38  3:56  Roach  
  40  4:04  Hydralisk  
  42  4:13  Hydralisk  
  43  4:18  Overlord  
  43  4:23  Drone, Hydralisk  
  46  4:26  Drone  
  47  4:33  Zergling x2  
  47  4:37  Drone  
  49  4:43  Baneling Nest  
  49  4:45  Hydralisk  
  48  4:46  Drone x2  
  48  4:49  Drone  
  54  5:00  Drone  
  54  5:01  Evolution Chamber  
  53  5:10  Drone  
  54  6:05  Overlord, Zerg Melee Weapons Level 1  
  54  6:13  Hatchery, Spire  
  52  6:25  Drone  
  53  6:40  Zergling x2  
  53  6:46  Zergling x2  
  43  6:57  Zergling x2  
  40  7:02  Zergling x2  
  40  7:07  Metabolic Boost  
  41  7:08  Baneling x2  
  41  7:11  Zergling x2  
  42  7:25  Drone x2  
  42  7:26  Drone x3, Mutalisk  
  42  7:27  Drone x3  
  52  7:31  Drone  
  52  7:32  Extractor  
  52  7:35  Mutalisk  
  54  7:42  Drone  
  55  7:46  Drone, Muscular Augments  
  56  7:53  Drone  
  56  7:56  Burrow, Mutalisk  
  56  7:57  Drone x2  
  61  7:59  Zerg Missile Weapons Level 1  
  61  8:00  Drone  
  61  8:03  Baneling  
  61  8:04  Drone  
  63  8:08  Drone  
  63  8:11  Baneling  
  64  8:15  Drone  
  64  8:18  Drone  
  66  8:23  Centrifical Hooks  
  66  8:25  Overlord  
  66  8:27  Mutalisk, Drone  
  66  8:33  Zergling x2  
  70  8:38  Mutalisk  
  70  8:40  Drone, Extractor  
  72  8:45  Mutalisk  
  74  8:53  Spore Crawler  
  74  8:54  Drone  
  74  8:57  Mutalisk  
  74  8:59  Spore Crawler, Overlord  
  74  9:00  Drone  
  76  9:03  Drone x2  
  78  9:10  Drone  
  78  9:11  Mutalisk  
  78  9:12  Spore Crawler  
  78  9:16  Spore Crawler  
  79  9:20  Queen  
  79  9:21  Drone  
  79  9:22  Overlord  
  82  9:29  Spine Crawler  
  82  9:30  Infestation Pit  
  80  9:37  Spine Crawler  
  79  9:42  Drone  
  80  9:50  Spine Crawler  
  80  9:51  Drone  
  80  9:54  Zerg Ground Armor Level 1  
  80  9:57  Spine Crawler  
  80  9:58  Drone  
  80  10:01  Overseer  
  80  10:03  Overseer, Queen  
  82  10:08  Evolution Chamber  
  81  10:15  Infestor  
  83  10:25  Hatchery  
  83  10:28  Infestor  
  82  10:32  Overlord  
  82  10:33  Roach  
  86  10:40  Hive  
  86  10:41  Roach  
  76  10:46  Roach  
  62  10:51  Infestor  
  62  10:56  Infestor  
  66  11:01  Hydralisk  
  68  11:06  Zergling x2  
  69  11:17  Pneumatized Carapace  
  69  11:31  Roach  
  71  11:34  Overseer  
  71  11:36  Roach  
  71  11:38  Drone  
  74  11:40  Drone  
  74  11:41  Roach  
  74  11:43  Drone  
  74  11:46  Drone  
  79  11:49  Drone, Extractor  
  79  11:50  Extractor  
  79  11:52  Drone  
  79  11:54  Viper, Infestor  
  79  11:55  Drone  
  79  11:57  Drone  
  79  11:58  Drone  
  79  12:00  Drone  
  88  12:03  Drone  
  88  12:05  Drone  
  88  12:07  Drone  
  88  12:08  Drone, Infestor  
  92  12:09  Drone  
  92  12:11  Drone  
  92  12:13  Drone  
  92  12:14  Drone  
  98  12:16  Drone  
  98  12:18  Drone  
  98  12:20  Overlord, Infestor  
  102  12:30  Infestor  
  104  12:40  Infestor  
  106  12:45  Overlord, Hydralisk  
  108  12:55  Viper  
  108  12:57  Spore Crawler  
  110  12:59  Drone  
  110  13:00  Spore Crawler  
  110  13:01  Drone  
  110  13:04  Queen, Zerg Melee Weapons Level 2  
  113  13:13  Hatchery  
  113  13:14  Drone  
  113  13:18  Zerg Ground Armor Level 2  
  113  13:19  Drone  
  113  13:25  Spine Crawler  
  113  13:26  Drone  
  113  13:27  Spine Crawler, Infestor  
  113  13:28  Drone  
  113  13:33  Zergling x2  
  101  13:38  Roach  
  99  13:43  Roach  
  99  13:48  Infestor  
  87  13:51  Zergling x6  
  87  13:52  Zergling x4  
  87  13:55  Mutalisk  
  83  14:01  Roach  
  83  14:02  Mutalisk  
  85  14:07  Roach  
  85  14:08  Roach x2  
  85  14:09  Zergling x2  
  91  14:10  Zergling x2  
  91  14:11  Zergling x4  
  91  14:13  Zergling x2  
  91  14:14  Mutalisk  
  91  14:17  Roach  
  93  14:18  Roach  
  93  14:21  Hydralisk  
  93  14:23  Hydralisk  
  82  14:29  Zergling x2  
  82  14:30  Hydralisk  
  70  14:32  Zergling x4  
  70  14:33  Zergling x2  
  70  14:34  Drone, Zergling x2  
  70  14:35  Drone x2  
  70  14:36  Drone, Zergling x2  
  70  14:37  Drone, Extractor  
  58  14:38  Hydralisk  
  46  14:52  Drone  
  34  14:57  Drone  
  8  15:10  Hydralisk  
  8  15:12  Drone  
  8  15:15  Drone  
  8  15:31  Drone  
  8  15:33  Drone  
Tags
 
Add a new tag
Caveats
  • Supply blocks, unpowered buildings, or Contaminate may cause inaccurate times.
  • Supply counts are checked every 10 seconds.